 Dungeon Crawl Stone Soup version 0.29.1-1-gd02db6906a (webtiles) character file.

Game seed: 16507266752024349062

575 groovy9 the Shooter (level 7, -3/54 HPs)
             Began as a Minotaur Hunter on Sept 15, 2022.
             Was a Follower of Hepliaklqana.
             Slain by Pikel
             ... wielding a +1 whip of electrocution
              (7 damage)
             ... on level 4 of the Dungeon.
             The game lasted 00:09:56 (3786 turns).

groovy9 the Shooter (Minotaur Hunter)               Turns: 3786, Time: 00:09:57

Health: -3/54      AC:  6    Str: 16    XL:     7   Next: 12%
Magic:  6/6        EV: 13    Int:  6    God:    Hepliaklqana [*.....]
Gold:   269        SH:  0    Dex: 15    Spells: 6/6 levels left

rFire   . . .      SeeInvis .   a - +1 shortbow (vorpal)
rCold   . . .      Faith    .   (shield currently unavailable)
rNeg    . . .      Spirit   .   c - +0 leather armour
rPois   .          Reflect  .   (helmet restricted)
rElec   .          Harm     .   r - +1 cloak
rCorr   .          Rampage  .   f - +0 pair of gloves
Will    +....                   (no boots)
Stlth   +.........              (no amulet)
HPRegen 0.18/turn               l - ring of willpower
MPRegen 0.10/turn               (no ring)

@: no status effects
A: reduced essence, horns 2, retaliatory headbutt
a: Renounce Religion, Recall Ancestor, Ancestor Identity


You were on level 4 of the Dungeon.
You worshipped Hepliaklqana.
Hepliaklqana was aware of your devotion.
You visited 1 branch of the dungeon, and saw 5 of its levels.

You collected 269 gold pieces.

Inventory:

Hand Weapons
 a - a +1 vorpal shortbow (weapon)
Armour
 c - a +0 leather armour (worn)
 f - a +0 pair of gloves (worn)
 r - a +1 cloak (worn)
Jewellery
 l - a ring of willpower (left hand)
Wands
 o - a wand of flame (8)
Scrolls
 b - a scroll of immolation
Potions
 d - a potion of curing
 g - a potion of might
 h - a potion of lignification {unknown}
 i - a potion of mutation {unknown}
 j - a potion of degeneration
 k - a potion of brilliance
 q - 2 potions of berserk rage {unknown}
 s - 2 potions of flight {unknown}
 t - a potion of heal wounds {unknown}


   Skills:
 + Level 5.0 Fighting
 * Level 7.3 Ranged Weapons
 + Level 4.6 Dodging
 - Level 0.7 Stealth
 + Level 1.1 Invocations


You had 6 spell levels left.
You didn't know any spells.
Your spell library contained the following spells:

 Spells                   Type           Power      Damage    Failure   Level
 Ensorcelled Hibernation  Hex/Ice        0%         N/A       67%         2
 Passwall                 Tmut/Erth      0%         N/A       67%         2
 Frozen Ramparts          Ice            0%         1d1       88%         3
 Swiftness                Air            0%         N/A       88%         3
 Ice Form                 Ice/Tmut       0%         N/A       99%         4
 Summon Ice Beast         Ice/Summ       0%         N/A       99%         4


Dungeon Overview and Level Annotations

Branches:
Dungeon (5/15)
 Temple: D:4-7

Altars:
Elyvilon
Hepliaklqana
Nemelex Xobeh
Zin

Annotations:
D:4 Pikel


Innate Abilities, Weirdness & Mutations

Your life essence is reduced to manifest your ancestor. (-10% HP)
You have a pair of horns on your head.
You reflexively headbutt those who attack you in melee.


Message History

You climb upwards.
There is a stone staircase leading down here.
Okay, then.
Okay, then.
Fire: a) +1 shortbow (vorpal)
Press: ? - help, Q - select action, (/) - cycle Shift-Dir - straight line, f - Pikel
Aim: Pikel, wielding a +1 whip of electrocution and wearing a +0 robe (moderately wounded, 59% to hit)
You shoot an arrow.
The arrow hits Pikel but does no damage.
Pikel is moderately wounded.
Pikel barely misses you.
Fire: a) +1 shortbow (vorpal)
Press: ? - help, Q - select action, (/) - cycle Shift-Dir - straight line, f/p - Pikel
Aim: Pikel, wielding a +1 whip of electrocution and wearing a +0 robe (moderately wounded, 59% to hit)
You shoot an arrow. The arrow hits Pikel.
Pikel is moderately wounded.
Pikel hits you but does no damage.
Fire: a) +1 shortbow (vorpal)
Press: ? - help, Q - select action, (/) - cycle Shift-Dir - straight line, f/p - Pikel
Aim: Pikel, wielding a +1 whip of electrocution and wearing a +0 robe (moderately wounded, 59% to hit)
You shoot an arrow. The arrow hits Pikel.
Pikel is heavily wounded.
Pikel hits you with a +1 whip of electrocution.
Fire: a) +1 shortbow (vorpal)
Press: ? - help, Q - select action, (/) - cycle Shift-Dir - straight line, f/p - Pikel
Aim: Pikel, wielding a +1 whip of electrocution and wearing a +0 robe (heavily wounded, 59% to hit)
You shoot an arrow. The arrow barely misses Pikel.
Pikel misses you.
Pikel hits you with a +1 whip of electrocution.
Fire: a) +1 shortbow (vorpal)
Press: ? - help, Q - select action, (/) - cycle Shift-Dir - straight line, f/p - Pikel
Aim: Pikel, wielding a +1 whip of electrocution and wearing a +0 robe (heavily wounded, 59% to hit)
You shoot an arrow. The arrow misses Pikel.
Pikel hits you with a +1 whip of electrocution.
You are electrocuted!!
* * * LOW HITPOINT WARNING * * *
Okay, then.
It was a potion of magic.
Magic courses through your body.
Pikel hits you with a +1 whip of electrocution!
You die...

.#..#..8..#..# #.#
....##...##..###.#
##..#######......#
#..##...##..#...#
#..#..8..#..#...#
#...........##..#
##..#..##.####..#
##.#.###.#####.#########
####.#.# #......@........#
...=...#######..K#######.###
.........................†.#
......##############.#..##†#
......'...........##.#..##.#
......###########.##.#..##.#
......# #.##.#..##.# ......#
#.##.#<..#.# ......#
#.##.#.###.#


You could see Pikel.

Vanquished Creatures
  A scorpion (D:5)
  3 hounds
  3 orc priests (D:4)
  3 iguanas
  Jessica (D:2)
  An orc wizard (D:3)
  Natasha (thrice) (D:3)
  5 adders
  4 dart slugs
  7 orcs
  10 endoplasms
  6 giant cockroaches
  4 goblins (D:3)
  6 hobgoblins
  8 jackals
  5 quokkas
  3 ball pythons
  10 bats
  A frilled lizard (D:2)
  4 kobolds
  2 rats
90 creatures vanquished.

Vanquished Creatures (collateral kills)
  A lemure (D:5)
  An orc (D:5)
2 creatures vanquished.

Vanquished Creatures (others)
  An ancestor (D:5)
1 creature vanquished.

Grand Total: 93 creatures vanquished

Notes
Turn   | Place    | Note
-------+----------+-------------------------------------------
     0 | D:1      | groovy9 the Minotaur Hunter began the quest for the Orb.
     0 | D:1      | Reached XP level 1. HP: 18/18 MP: 0/0
    52 | D:1      | Found a faded altar of an unknown god.
   141 | D:1      | Reached XP level 2. HP: 25/25 MP: 1/1
   572 | D:2      | Noticed Jessica
   578 | D:2      | Reached skill level 5 in Ranged Weapons
   578 | D:2      | Killed Jessica
   579 | D:2      | Reached XP level 3. HP: 31/31 MP: 2/2
   694 | D:2      | Reached XP level 4. HP: 38/38 MP: 3/3
  1526 | D:3      | Found a sparkling altar of Nemelex Xobeh.
  1651 | D:3      | Noticed Natasha
  1653 | D:3      | Killed Natasha
  1654 | D:3      | Reached XP level 5. HP: 46/46 MP: 4/4
  1689 | D:3      | Noticed Natasha
  1691 | D:3      | Killed Natasha
  1692 | D:3      | Reached skill level 6 in Ranged Weapons
  1724 | D:3      | Noticed an ogre
  1884 | D:3      | Noticed Natasha
  1891 | D:3      | Killed Natasha
  1960 | D:3      | Found a hazy altar of Hepliaklqana.
  1965 | D:3      | Became a worshipper of Hepliaklqana the Forgotten
  2007 | D:3      | Found a white marble altar of Elyvilon.
  2278 | D:4      | Reached XP level 6. HP: 27/52 MP: 5/5
  2911 | D:4      | Found a glowing silver altar of Zin.
  3238 | D:5      | Entered Level 5 of the Dungeon
  3324 | D:4      | Reached skill level 7 in Ranged Weapons
  3416 | D:5      | Reached * piety under Hepliaklqana
  3698 | D:5      | Reached skill level 1 in Invocations
  3698 | D:5      | Reached XP level 7. HP: 54/54 MP: 6/6
  3735 | D:5      | Reached skill level 5 in Fighting
  3744 | D:5      | Noticed Pikel
  3786 | D:4      | Slain by Pikel

Illustrated notes

Levels and vault maps discovered:
D:1:      lemuel_arrival_river_bridge, layout_basic,
          chequers_ecumenical_altar_simple
D:2:      layout_basic, serial_bayou_crossing, uniq_jessica
D:3:      layout_loops_ring, marbit_many_paths, amcnicky_altar_gilded,
          worldfamousw_hep_ancestral_shrine, nrook_campfire, uniq_natasha
D:4:      layout_basic, mainiacjoe_overflow_alcove_2, grunt_decor_resistance,
          mrwooster_statue_mirror, hangedman_decor_slide_cut
D:5:      layout_loops_ring, gammafunk_temple_overflow_pools, xom_teletrap_fun,
          uniq_pikel, uniq_grinder

Skill      XL: |  1  2  3  4  5  6  7 |
---------------+----------------------+-----
Ranged Weapons | 5 6 7 |  7.3
Fighting       | 3 4 5 |  5.0
Dodging        | 3 4 |  4.6
Invocations    | 1 |  1.1
Stealth        | |  0.7

Action                   |  1- 3 |  4- 6 |  7- 9 || total
-------------------------+-------+-------+-------++-------
 Fire: Shortbow          |    49 |   179 |    27 ||   255
  Use: Scroll            |       |    13 |       ||    13
       Potion            |       |       |     1 ||     1
Armor: Leather armour    |     4 |    24 |     2 ||    30
Dodge: Dodged            |    23 |    64 |     6 ||    93
